 Dungeon Crawl Stone Soup version 0.30-a0-867-g305f33218d (webtiles) character file.

Game seed: 11478855057785194969

2619 PimpSugar the Magician (level 9, -9/60 (65) HPs)
             Began as a Demonspawn Hedge Wizard on Mar 10, 2023.
             Was an Initiate of Vehumet.
             Mangled by a wight
             ... wielding a +5 dagger
              (10 damage)
             ... on level 7 of the Dungeon on Mar 11, 2023.
             The game lasted 00:31:31 (9019 turns).

PimpSugar the Magician (Demonspawn Hedge Wizard)    Turns: 9019, Time: 00:31:35

HP:   -9/60 (65)    AC:  2    Str: 21    XL:     9   Next: 34%
MP:   5/18          EV: 13    Int: 20    God:    Vehumet [......]
Gold: 338           SH:  0    Dex: 12    Spells: 13/20 levels left

rFire   . . .      SeeInvis .    F - +1 rapier of Summer {drain, rN+ Str+4}
rCold   . . .      Faith    .    (no shield)
rNeg    + . .      Spirit   .    b - +0 robe
rPois   .          Reflect  .    c - +0 hat
rElec   .          Rampage  .    (no cloak)
rCorr   .                        (no gloves)
Will    .....                    (no boots)
Stlth   +++                      (no amulet)
HPRegen 0.30/turn                r - +6 ring of strength
MPRegen 0.16/turn                j - ring of flight

@: flying, drained
A: claws 1, spiny 1, demonic magic 2
a: Renounce Religion


You were on level 7 of the Dungeon.
You worshipped Vehumet.
Vehumet was noncommittal.
You visited 2 branches of the dungeon, and saw 8 of its levels.

You collected 338 gold pieces.

Inventory:

Hand Weapons
 a - a +0 dagger
 d - a +0 battleaxe of venom
 k - a +0 whip of freezing
 p - a +2 heavy spear
 z - a +2 dagger of venom
 A - a +6 dagger of venom
 D - a +0 sling
 F - the +1 rapier of Summer (weapon) {drain, rN+ Str+4}
   (You found it on level 7 of the Dungeon)

   Str:       It affects your strength (+4).
   rN:        It protects you from negative energy.
Missiles
 i - 90 stones (quivered)
 t - 11 poisoned darts
 E - a throwing net
Armour
 b - a +0 robe (worn)
 c - a +0 hat (worn)
 u - a +0 buckler
 C - a +0 pair of gloves
Jewellery
 j - a ring of flight (right claw)
 r - a +6 ring of strength (left claw)
 x - a ring of poison resistance
Wands
 y - a wand of flame (11)
Scrolls
 e - 3 scrolls of immolation {unknown}
 g - a scroll of magic mapping {unknown}
 l - 3 scrolls of teleportation
 m - a scroll of torment {unknown}
 q - 2 scrolls of fog {unknown}
 B - a scroll of identify
Potions
 f - a potion of haste
 h - 2 potions of degeneration
 n - a potion of lignification
 o - 4 potions of mutation
 w - a potion of brilliance


   Skills:
 + Level 4.0 Fighting
 + Level 3.3 Throwing
 + Level 3.8 Dodging
 + Level 4.4 Stealth
 * Level 6.1 Spellcasting
 + Level 4.0 Conjurations
 + Level 3.5 Hexes
 + Level 3.9 Summonings
 + Level 3.5 Translocations


You had 13 spell levels left.
You knew the following spells:

 Your Spells              Type           Power      Damage    Failure   Level
a - Magic Dart            Conj           88%        1d7       1%          1
b - Call Imp              Summ           22%        N/A       3%          2
c - Call Canine Familiar  Summ           22%        N/A       6%          3
d - Slow                  Hex            80%        N/A       2%          1

Your spell library contained the following spells:

 Spells                   Type           Power      Damage    Failure   Level
 Blink                    Tloc           40%        N/A       3%          2
 Ensorcelled Hibernation  Hex/Ice        26%        N/A       8%          2
 Portal Projectile        Hex/Tloc       40%        N/A       8%          3
 Cigotuvi's Dreadful Rot  Necr/Pois/Air  12%        N/A       16%         2
 Inner Flame              Hex/Fire       13%        N/A       16%         3
 Mephitic Cloud           Conj/Pois/Air  11%        N/A       19%         3
 Spider Form              Tmut/Pois      6%         N/A       30%         3
 Flame Wave               Conj/Fire      14%        2d6       41%         4
 Sticky Flame             Conj/Fire      14%        2d4       41%         4
 Anguish                  Hex/Necr       6%         N/A       45%         4
 Leda's Liquefaction      Hex/Erth       6%         N/A       45%         4


Dungeon Overview and Level Annotations

Branches:
Dungeon (7/15)             Temple (1/1) D:6

Altars:
Ashenzari
Cheibriados
Dithmenos
Fedhas
Gozag
Hepliaklqana
Kikubaaqudgha
Makhleb
Nemelex Xobeh
Okawaru
Qazlal
Ru
Sif Muna
Trog
Uskayaw
Vehumet
Xom
Yredelemnul


Innate Abilities, Weirdness & Mutations

You have sharp fingernails.
You are partially covered in sharp spines.
Spells you cast may paralyse nearby enemies.


Message History

* * * LOW HITPOINT WARNING * * *
It was a potion of might.
You feel very mighty all of a sudden.
The wight is no longer paralysed.
The wight hits you with a +5 dagger.
* * * LOW HITPOINT WARNING * * *
You partially resist.
You feel drained.
* * * LOW HITPOINT WARNING * * *
The wight barely misses you. The wight hits you but does no damage.
You hit the wight.
The wight is moderately damaged.
The wight is no longer paralysed.
The wight hits you but does no damage. x4
The wight hits you with a +3 falchion.
* * * LOW HITPOINT WARNING * * *
Casting: Magic Dart (safe; 1% risk of failure)
Confirm with . or Enter, or press ? or * to list all spells.
Aiming: Magic Dart (safe; 1% risk of failure)
Press: ? - help, Shift-Dir - straight line, f - wight, p - wight
Aim: a wight, wielding a +0 scimitar and wearing a +0 robe (100% to hit)
You feel a surge of power!
The magic dart hits the wight but does no damage.
Malevolent energies surge around you.
The wight suddenly stops moving!
The wight hits you with a +5 dagger.
* * * LOW HITPOINT WARNING * * *
The wight hits you but does no damage. The wight hits you with a +2 hand axe.
* * * LOW HITPOINT WARNING * * *
The wight hits you but does no damage.
Casting: Magic Dart (safe; 1% risk of failure)
Confirm with . or Enter, or press ? or * to list all spells.
Aiming: Magic Dart (safe; 1% risk of failure)
Press: ? - help, Shift-Dir - straight line, f/p - wight
Aim: a wight, wielding a +0 scimitar and wearing a +0 robe (100% to hit)
Okay, then.
It was a potion of cancellation.
Your magical effects are unravelling.
You feel magically purged.
You feel less wooden.
Your +0 hat unmelds from your body.
Your +0 robe unmelds from your body.
You feel a little less mighty now.
You feel a little less clever now.
The wight is no longer paralysed.
The wight hits you with a +5 dagger!
You die...

.P[..##....##..............
.P._.#.....#......#........
.P...#...........##........
.PPP.#....#.....##.........
.....######................
####### ##..###..........
###..## ###..##.#.......#
.#...#####....#....)...##.#
...............z@z#........
....#.#.#..##..zzz.....#...
...## #.#..##..........# ..
....# #..........##.#.... .
...## ##..................
...####.......##.###.....##
..........#....#.## ......
...###...##...z...###...
.... #..............


You could see 5 wights.

Vanquished Creatures
  3 ogres
  A phantom (D:7)
  2 bullfrogs
  3 scorpions
  4 wights (D:6)
  A howler monkey (D:7)
  A hound (D:3)
  2 jellies
  A sleepcap (D:4)
  2 iguanas
  12 adders
  4 gnolls
  3 shadow imps
  An ufetubus (D:4)
  5 orcs
  9 ball pythons
  5 endoplasms
  5 giant cockroaches
  3 goblins
  7 hobgoblins
  4 jackals (D:1)
  9 kobolds
  5 quokkas
  3 bats
  5 frilled lizards
  9 rats
109 creatures vanquished.

Vanquished Creatures (collateral kills)
  A gargoyle (D:7)
  A wyvern (D:7)
  A water moccasin (D:6)
  2 ice beasts
  An ogre (D:5)
  A bullfrog (D:6)
  A scorpion (D:5)
  A wight (D:6)
  A hound (D:5)
  An orc priest (D:7)
  2 gnoll boudas
  A sleepcap (D:5)
  2 orc wizards
  6 gnolls
  3 adders
  An ufetubus (D:6)
  3 worms (D:2)
  A dart slug (D:2)
  6 orcs
  A ball python (D:1)
  An endoplasm (D:2)
  3 goblins
  5 kobolds
  A bat (D:2)
  2 rats (D:2)
49 creatures vanquished.

Vanquished Creatures (others)
  A butterfly (D:4)
  2 plants
3 creatures vanquished.

Grand Total: 161 creatures vanquished

Notes
Turn   | Place    | Note
-------+----------+-------------------------------------------
     0 | D:1      | PimpSugar the Demonspawn Hedge Wizard began the quest for
                  | the Orb.
     0 | D:1      | Reached XP level 1. HP: 13/13 MP: 4/4
   164 | D:1      | Found a faded altar of an unknown god.
   280 | D:1      | Gained mutation: Spells you cast may paralyse adjacent
                  | enemies. [demonic ancestry]
   280 | D:1      | Reached XP level 2. HP: 20/20 MP: 1/6
   506 | D:1      | Learned a level 2 spell: Call Imp
   746 | D:1      | Reached skill level 1 in Fighting
   896 | D:1      | Reached XP level 3. HP: 26/26 MP: 5/7
  1464 | D:2      | Learned a level 3 spell: Call Canine Familiar
  1466 | D:2      | Learned a level 1 spell: Slow
  2287 | D:2      | Gained mutation: You have sharp fingernails. [demonic
                  | ancestry]
  2287 | D:2      | Reached XP level 4. HP: 31/32 MP: 9/9
  2587 | D:2      | Reached skill level 1 in Translocations
  2991 | D:3      | Reached XP level 5. HP: 36/37 MP: 3/10
  3176 | D:3      | Reached skill level 4 in Spellcasting
  3386 | D:3      | Reached skill level 1 in Throwing
  3386 | D:3      | Reached skill level 1 in Hexes
  4035 | D:4      | Gained mutation: You are partially covered in sharp spines.
                  | [demonic ancestry]
  4035 | D:4      | Reached XP level 6. HP: 44/44 MP: 8/12
  4720 | D:4      | Reached XP level 7. HP: 13/51 MP: 5/13
  5159 | D:4      | Found a basalt altar of Yredelemnul.
  5232 | D:5      | Entered Level 5 of the Dungeon
  6034 | D:5      | Reached skill level 5 in Spellcasting
  6124 | D:5      | Gained mutation: Spells you cast may paralyse nearby
                  | enemies. [demonic ancestry]
  6124 | D:5      | Reached XP level 8. HP: 48/58 MP: 12/15
  6709 | D:6      | Found a staircase to the Ecumenical Temple.
  6740 | Temple   | Entered the Ecumenical Temple
  8503 | D:7      | Identified the +1 rapier of Summer {drain, rN+ Str+4}
  8534 | D:7      | Reached XP level 9. HP: 45/65 MP: 8/17
  8588 | D:7      | Noticed a gargoyle
  8613 | D:7      | Killed a gargoyle
  8614 | D:7      | Reached skill level 6 in Spellcasting
  8803 | D:7      | Found a radiant altar of Vehumet.
  8822 | D:7      | Became a worshipper of Vehumet
  9018 | D:7      | HP: 2/90 [wight/+2 hand axe (4)]
  9019 | D:7      | Mangled by a wight

Illustrated notes

Levels and vault maps discovered:
D:1:      nicolae_arrival_washed_ashore, layout_loops_corners,
          shapermc_ecumenical_altar_gd
D:2:      minmay_chambers_of_twos, layout_basic
D:3:      layout_rooms, minmay_goblin_kobold_house
D:4:      layout_basic, mainiacjoe_overflow_alcove_1,
          nicolae_elyvilon_peaceful_grove, minmay_misc_feat_four_crosses
D:5:      layout_basic, corexii_item_surrounded_by_moat,
          nicolae_concentric_dashed_squares_mild, lightli_corner_chamber
D:6:      layout_rooms, minmay_temple_entry_glass
D:7:      layout_cave_pools, mainiacjoe_overflow_alcove_4, enter_bailey_7,
          uniq_crazy_yiuf_cottage
Temple:   minmay_temple_bridge_d

Skill      XL: |  1  2  3  4  5  6  7  8  9 |
---------------+----------------------------+-----
Stealth        | 2 3 4 |  4.4
Fighting       | 1 2 3 4 |  4.0
Translocations | 1 2 3 |  3.5
Conjurations   | 2 3 4 |  4.0
Dodging        | 2 3 |  3.8
Spellcasting   | 4 5 6 |  6.1
Throwing       | 1 2 3 |  3.3
Hexes          | 1 2 3 |  3.5
Summonings     | 2 3 |  3.9

Action                     |  1- 3 |  4- 6 |  7- 9 || total
---------------------------+-------+-------+-------++-------
  Melee: Dagger            |    23 |    34 |    64 ||   121
         Whip              |    64 |    78 |       ||   142
         Punch             |     1 |     3 |     2 ||     6
         Rapier            |       |       |    30 ||    30
  Throw: Throwing net      |       |       |     2 ||     2
   Cast: Magic Dart        |    60 |    71 |    75 ||   206
         Call Imp          |     6 |     9 |    26 ||    41
         Call Canine Famil |     3 |     5 |    25 ||    33
         Slow              |       |       |     3 ||     3
  Evoke: Wand              |       |     1 |     5 ||     6
    Use: Scroll            |     2 |    15 |     1 ||    18
         Potion            |       |     2 |     8 ||    10
   Stab: Paralysed         |     4 |     8 |     9 ||    21
         Distracted        |       |       |     1 ||     1
 Armour: Robe              |    14 |    13 |     6 ||    33
         Skin              |       |       |     9 ||     9
  Dodge: Dodged            |    67 |    84 |    82 ||   233

Table legend: (Time is in decaauts)
 A = Elapsed time spent in this place.
 B = Non-inter-level travel time spent in this place.
 C = Inter-level travel time spent in this place.
 D = Time resting spent in this place.
 E = Time spent auto-exploring this place.
 F = Levels seen in this place.
 G = Mean time per level.
                   A        B        C        D        E       F      G
               +--------+--------+--------+--------+--------+-----+--------+
         Total |   9018 |   8609 |    409 |   1379 |   5374 |   8 | 1127.2 |
       Dungeon |   8807 |   8431 |    376 |   1379 |   5211 |   7 | 1258.1 |
        Temple |    210 |    177 |     33 |      0 |    163 |   1 |  210.0 |
               +--------+--------+--------+--------+--------+-----+--------+

Top non-repeatable levels by time:
     D:5: 2074 daAuts
     D:1: 1398 daAuts
     D:2: 1396 daAuts
     D:4: 1290 daAuts
     D:3: 1161 daAuts
     D:6: 957 daAuts
     D:7: 529 daAuts
  Temple: 210 daAuts
